Map: Tokamak LE

Players

LoksDead - Winner!

  • Race: Terran Terran
  • League: Diamond
  • Spawn Location: 1:00

ManlyManMeat

  • Race: Zerg Zerg
  • League: Master
  • Spawn Location: 7:00

VOD

Have the link to the VOD?

Description

Time

  • Played on: June 17, 2025, 7:41 a.m.
  • Length: 7:11
Show
View Real Time Build Order
Export as new Build Order

LoksDead Terran - Winner!

Build Orders:  

Get SALT Encoding   

  12  0:00  SCV  
  13  0:12  SCV  
  14  0:17  Supply Depot  
  14  0:25  SCV  
  15  0:39  SCV  
  15  0:40  Barracks  
  16  0:45  Refinery  
  16  0:51  SCV  
  17  1:03  SCV  
  18  1:15  SCV  
  19  1:27  SCV  
  19  1:31  Supply Depot  
  19  1:32  Barracks Reactor  
  20  1:34  Barracks  
  20  1:42  Orbital Command  
  20  2:05  Command Center  
  20  2:10  SCV  
  20  2:11  Marine x2  
  23  2:22  Barracks Tech Lab, SCV  
  24  2:26  Supply Depot  
  24  2:30  Marine x2  
  24  2:35  SCV  
  27  2:42  Marine  
  27  2:43  Concussive Shells  
  28  2:47  Marine x2  
  30  2:52  SCV  
  31  2:58  Factory  
  31  3:03  Marine  
  32  3:08  Marine x2  
  32  3:09  SCV  
  35  3:14  Refinery  
  35  3:20  Orbital Command  
  35  3:21  SCV  
  35  3:26  Combat Shield  
  36  3:27  Marine  
  36  3:28  Marine  
  38  3:36  Marine  
  39  3:43  SCV  
  39  3:47  Starport  
  40  3:49  SCV  
  40  3:50  Marine x2  
  40  3:52  Factory Tech Lab  
  43  3:56  Supply Depot  
  43  3:59  Marine  
  43  4:00  SCV  
  45  4:07  Marine  
  45  4:08  Marine, SCV  
  48  4:10  Refinery  
  48  4:17  Marine  
  48  4:19  Engineering Bay  
  48  4:20  SCV  
  50  4:24  SCV  
  50  4:28  Starport Reactor  
  50  4:30  Barracks  
  51  4:32  SCV  
  52  4:39  Supply Depot  
  52  4:40  Marine x3  
  52  4:42  Siege Tank  
  58  4:46  SCV x2  
  60  4:58  Marine x3, SCV x2  
  61  5:07  Medivac  
  61  5:10  SCV x2  
  65  5:16  Marine x2  
  65  5:18  Marine x2  
  69  5:23  SCV  
  70  5:34  Refinery  
  70  5:38  Barracks Tech Lab  
  70  5:43  Engineering Bay  
  70  5:46  Engineering Bay  
  70  5:47  Supply Depot  
  70  6:03  Marine x3, SCV, Medivac x2  
  78  6:06  Supply Depot  
  78  6:09  Marauder, Siege Tank, SCV  
  84  6:15  SCV  
  85  6:21  Marine  
  86  6:27  Marine, SCV  
  86  6:31  Marine x2  
  90  6:38  Marine, Medivac x2  
  90  6:39  SCV x2  
  89  6:45  Marine  
  89  6:49  Marine x2  
  94  7:08  Command Center  
Show
View Real Time Build Order
Export as new Build Order

ManlyManMeat Zerg 

Build Orders: Hatch First 

Get SALT Encoding   

  12  0:00  Drone  
  13  0:12  Overlord  
  13  0:21  Drone  
  14  0:31  Drone x2  
  16  0:39  Drone  
  17  0:50  Hatchery  
  17  0:57  Drone x2  
  18  1:11  Spawning Pool  
  18  1:15  Drone, Extractor  
  17  1:19  Drone  
  18  1:28  Drone  
  19  1:39  Drone  
  20  1:52  Drone  
  21  2:02  Queen x2  
  21  2:03  Overlord  
  21  2:05  Drone  
  26  2:12  Zergling x2  
  26  2:14  Zergling x2  
  28  2:23  Drone  
  28  2:29  Drone  
  30  2:37  Drone x2  
  30  2:41  Queen  
  34  2:44  Metabolic Boost  
  34  2:47  Drone x2  
  36  2:53  Lair  
  36  3:01  Overlord x2  
  36  3:10  Overlord x2  
  36  3:23  Hatchery  
  36  3:27  Drone x3  
  38  3:38  Drone  
  38  3:39  Drone x4  
  43  3:44  Extractor  
  43  3:45  Overlord  
  42  3:50  Queen  
  42  3:52  Drone  
  45  4:07  Baneling Nest  
  43  4:11  Drone  
  43  4:12  Drone x5  
  49  4:18  Zergling x2  
  50  4:25  Zergling x2  
  50  4:26  Zergling x8  
  50  4:27  Zergling x4  
  57  4:37  Zergling x6  
  59  4:57  Drone x3  
  59  4:58  Drone x4  
  59  5:04  Zergling x2  
  59  5:05  Zergling x8  
  64  5:14  Zergling x2  
  65  5:16  Baneling  
  65  5:17  Baneling x3  
  65  5:24  Overlord x2  
  65  5:32  Centrifugal Hooks  
  65  5:33  Overlord x2  
  65  5:42  Queen x2  
  69  6:09  Hatchery  
  69  6:10  Drone x7, Hatchery  
  69  6:11  Drone x6  
  77  6:17  Evolution Chamber, Queen x2  
  77  6:18  Drone, Spore Crawler  
  84  6:19  Evolution Chamber  
  82  6:32  Zergling x4  
  76  6:43  Zergling x4  
  75  6:49  Zergling x4  
Tags
 
Matchup
TvZ
Replay Pack
Myownreplay2
Spawn Locations
Cross Positions
Add a new tag
Caveats
  • Supply blocks, unpowered buildings, or Contaminate may cause inaccurate times.
  • Supply counts are checked every 10 seconds.